 Dungeon Crawl Stone Soup version 0.28.0 (webtiles) character file.

Game seed: 11457463365102562798

4 Snarg the Digger (level 1, 0/12 (14) HPs)
             Began as a Demigod Wanderer on Feb 13, 2022.
             Slain by a hobgoblin (1 damage)
             ... on level 1 of the Dungeon.
             The game lasted 00:02:14 (45 turns).

Snarg the Digger (Demigod Wanderer)                   Turns: 45, Time: 00:02:15

HP:   0/12 (14)     AC:  2    Str: 11    XL:     1   Next: 40%
MP:   0/4           EV: 10    Int: 14    God:
Gold: 0             SH:  4    Dex: 15    Spells: 1/2 levels left

rFire   . . .      SeeInvis .   a - +0 dagger
rCold   . . .      Faith    .   d - +0 buckler
rNeg    . . .      Spirit   .   c - +0 robe
rPois   .          Reflect  .   (no helmet)
rElec   .          Harm     .   (no cloak)
rCorr   .          Rampage  .   (no gloves)
Will    .....                   (no boots)
Stlth   ++........              (no amulet)
HPRegen 0.04/turn               (no ring)
MPRegen 0.09/turn               (no ring)

@: heavily drained
A: high MP 1, forlorn, divine attributes
a: no special abilities


You were on level 1 of the Dungeon.
You visited 1 branch of the dungeon, and saw 1 of its levels.

Inventory:

Hand Weapons
 a - a +0 dagger (weapon)
Missiles
 b - 24 stones (quivered)
Armour
 c - a +0 robe (worn)
 d - a +0 buckler (worn)


   Skills:
 + Level 1.0 Stealth
 * Level 1.0 Shields
 + Level 1.0 Spellcasting
 + Level 2.6 Transmutations
 + Level 3.8 Earth Magic


You had one spell level left.
You knew the following spells:

 Your Spells              Type           Power      Damage    Failure   Level
a - Sandblast             Erth           22%        2d7       8%          1

Your spell library contained the following spells:

 Spells                   Type           Power      Damage    Failure   Level
 Beastly Appendage        Tmut           16%        N/A       12%         1
 Passwall                 Tmut/Erth      7%         N/A       14%         2
 Ignite Poison            Fire/Tmut/Pois 3%         N/A       58%         3
 Animate Armour           Summ/Erth      12%        N/A       85%         4


Dungeon Overview and Level Annotations

Branches:
Dungeon (1/15)


Innate Abilities, Weirdness & Mutations

You have an increased reservoir of magic. (+10% MP)
You shall have no god before yourself.
Your divine heritage dramatically boosts your attributes as you level up.


Message History

You miscast Sandblast.
Nothing appears to happen.
Unknown command.
Unknown command.
Casting: Sandblast (safe; 8% risk of failure)
Confirm with . or Enter, or press ? or * to list all spells.
Aiming: Sandblast (safe; 8% risk of failure)
Press: ? - help, Shift-Dir - straight line, f/p - kobold
Aim: a kobold, wielding a +1 whip of draining (74% to hit)
The blast of sand hits the kobold.
You kill the kobold!
b - 28 stones
Casting: Sandblast (safe; 8% risk of failure)
Confirm with . or Enter, or press ? or * to list all spells.
Aiming: Sandblast (safe; 8% risk of failure)
Press: ? - help, Shift-Dir - straight line, f - goblin
Aim: a goblin, wielding a +0 club (74% to hit)
The blast of sand hits the goblin!
You kill the goblin!
b - 27 stones The hobgoblin drinks a potion.
The hobgoblin flickers and vanishes!
Deactivating autopickup; reactivate with Ctrl-A.
Throw: 27 stones
Press: ? - help, Shift-Dir - straight line You throw a stone.
There is a staircase leading out of the dungeon here.
Throw: 26 stones
Press: ? - help, Shift-Dir - straight line You throw a stone.
Unknown command.
Unknown command.
Throw: 25 stones
Press: ? - help, Shift-Dir - straight line You throw a stone.
Something hits you.
* * * LOW HITPOINT WARNING * * *
Something hits you.
* * * LOW HITPOINT WARNING * * *
Your magical contamination has completely faded away.
You barely miss something. Something hits you.
You die...

.#.#.
#g#########
#
#..........
#..########
#####..#
#>.('..#
##.##..#
#)##..#
#(##..#
#@##..#
####..#
...# #.##


There were no monsters in sight!

Vanquished Creatures
  An endoplasm (D:1)
  A goblin (D:1)
  A kobold (D:1)
3 creatures vanquished.

Notes
Turn   | Place    | Note
-------+----------+-------------------------------------------
     0 | D:1      | Snarg the Demigod Wanderer began the quest for the Orb.
     0 | D:1      | Snarg set off with the following items: a +0 dagger, 30
                  | stones, a +0 robe, a +0 buckler; and the following spells
                  | available to memorise: Sandblast, Beastly Appendage,
                  | Passwall, Ignite Poison, Animate Armour
     0 | D:1      | Reached XP level 1. HP: 14/14 MP: 4/4
     2 | D:1      | Learned a level 1 spell: Sandblast
    45 | D:1      | Slain by a hobgoblin

Illustrated notes

Levels and vault maps discovered:
D:1:      amcnicky_arrival_choice, layout_basic, nicolae_ecumenical_lake_church

Action                   || total
-------------------------++-------
Melee: Dagger            ||     9
Throw: Stone             ||     3
 Cast: Sandblast         ||     3
Armor: Robe              ||     2
Dodge: Dodged            ||     2
Block: Buckler           ||     3
